 Dungeon Crawl Stone Soup version 0.29-a0-231-g945431f764 (webtiles) character file.

Game seed: 2496826534285283621

1547 fragbeetle the Destroyer (level 8, -8/41 HPs)
             Began as a Tengu Conjurer on Mar 1, 2022.
             Was an Initiate of Vehumet.
             Mangled by Duvessa
             ... wielding a +0 short sword
              (10 damage)
             ... on level 4 of the Dungeon.
             The game lasted 00:15:04 (6870 turns).

fragbeetle the Destroyer (Tengu Conjurer)           Turns: 6870, Time: 00:15:05

Health: -8/41      AC:  6    Str:  8    XL:     8   Next: 87%
Magic:  9/13       EV: 14    Int: 20    God:    Vehumet [......]
Gold:   161        SH:  0    Dex: 19    Spells: 2/13 levels left

rFire   . . .      SeeInvis .   r - +4 dagger (drain)
rCold   . . .      Faith    .   (no shield)
rNeg    . . .      Spirit   .   b - +0 leather armour
rPois   .          Reflect  .   (helmet restricted)
rElec   .          Harm     .   f - +1 cloak
rCorr   .          Rampage  .   y - +0 pair of gloves
Will    .....                   (boots unavailable)
Stlth   ++........              C - amulet of magic regeneration
HPRegen 0.13/turn               w - +6 ring of dexterity
MPRegen 0.53/turn               (no ring)

@: flying quickly and evasively, quick
A: beak, talons 3, nimble flight
a: Renounce Religion


You were on level 4 of the Dungeon.
You worshipped Vehumet.
Vehumet was noncommittal.
You visited 2 branches of the dungeon, and saw 6 of its levels.

You collected 161 gold pieces.

Inventory:

Hand Weapons
 h - a +0 falchion
 r - a +4 dagger of draining (weapon)
 v - a +1 hand axe of pain
Armour
 a - a +0 robe
 b - a +0 leather armour (worn)
 f - a +1 cloak (worn)
 m - a +0 ring mail
 y - a +0 pair of gloves (worn)
Jewellery
 w - a +6 ring of dexterity (left hand)
 C - an amulet of magic regeneration (around neck)
 D - a ring of fire
Scrolls
 c - 2 scrolls of identify
 d - a scroll of amnesia
 q - 2 scrolls of vulnerability {unknown}
 t - 2 scrolls of enchant weapon {unknown}
 E - a scroll of blinking {unknown}
Potions
 e - a potion of invisibility {unknown}
 k - a potion of curing {unknown}
 l - 3 potions of might
 p - 2 potions of lignification {unknown}
 s - 2 potions of heal wounds {unknown}
 u - a potion of mutation {unknown}
 x - a potion of cancellation {unknown}
 z - a potion of degeneration {unknown}
 A - 2 potions of brilliance {unknown}


   Skills:
 - Level 2.1 Dodging
 - Level 2.0 Stealth
 - Level 3.0 Spellcasting
 + Level 12.7 Conjurations
 - Level 4.0 Hexes


You had 2 spell levels left.
You knew the following spells:

 Your Spells              Type           Power      Damage    Failure   Level
a - Magic Dart            Conj           100%       1d8       1%          1
b - Searing Ray           Conj           100%       2d8       1%          2
c - Fulminant Prism       Conj/Hex       18%        3d11      7%          4
d - Iskenderun's Mystic   Conj/Tloc      28%        2d7       16%         4

Your spell library contained the following spells:

 Spells                   Type           Power      Damage    Failure   Level
 Dazzling Flash           Conj/Hex       72%        N/A       1%          3
 Confusing Touch          Hex            19%        N/A       12%         3
 Portal Projectile        Hex/Tloc       22%        N/A       26%         3
 Call Canine Familiar     Summ           3%         N/A       52%         3
 Leda's Liquefaction      Hex/Erth       5%         N/A       65%         4
 Yara's Violent Unravell  Hex/Tmut       5%         3d4       94%         5
 Enfeeble                 Hex            9%         N/A       100%        7


Dungeon Overview and Level Annotations

Branches:
Dungeon (5/15)             Temple (1/1) D:4

Altars:
Ashenzari
Cheibriados
Elyvilon
Gozag
Makhleb
Okawaru
Qazlal
Uskayaw
Vehumet
Wu Jian
Yredelemnul

Annotations:
D:2 1 runed translucent door, Crazy Yiuf
D:4 Duvessa


Innate Abilities, Weirdness & Mutations

You have a beak for a mouth.
You have claws for feet.
Your magical nature lets you fly swiftly and evasively.


Message History

Casting: Iskenderun's Mystic Blast (quite dangerous; 16% risk of failure)
Confirm with . or Enter, or press ? or * to list all spells.
The spell is quite dangerous to miscast (16% risk of failure)!
Continue anyway?
You erupt in a blast of force!
The mystic blast hits Duvessa.
Duvessa is heavily wounded.
Duvessa is knocked back by the mystic blast.
Casting: Iskenderun's Mystic Blast (quite dangerous; 16% risk of failure)
Confirm with . or Enter, or press ? or * to list all spells.
The spell is quite dangerous to miscast (16% risk of failure)!
Continue anyway?
You erupt in a blast of force!
The mystic blast hits Duvessa.
Duvessa is heavily wounded.
Duvessa is knocked back by the mystic blast.
Casting: Iskenderun's Mystic Blast (quite dangerous; 16% risk of failure)
Confirm with . or Enter, or press ? or * to list all spells.
Okay, then.
Okay, then.
Casting: Iskenderun's Mystic Blast (quite dangerous; 16% risk of failure)
Confirm with . or Enter, or press ? or * to list all spells.
Okay, then.
You aren't carrying any items that you can evoke.
Unknown command.
Okay, then.
Casting: Iskenderun's Mystic Blast (quite dangerous; 16% risk of failure)
Confirm with . or Enter, or press ? or * to list all spells.
Okay, then.
Duvessa rages.
You hear a shout!
You hit Duvessa but do no damage. You drain Duvessa. Your kick misses Duvessa.
Duvessa is severely wounded.
Duvessa barely misses you. Duvessa hits you with a +0 short sword!
* * * LOW HITPOINT WARNING * * *
Unknown command.
Duvessa rages.
Duvessa misses you. Duvessa hits you with a +0 short sword.
* * * LOW HITPOINT WARNING * * *
You hit Duvessa but do no damage. You claw Duvessa. Your peck misses Duvessa.
Duvessa is severely wounded.
Duvessa hits you with a +0 short sword!
You die...

#.....####.#......#.........#....
#.....#....#.##e..#.#####...#....
......#.####.###..#.#####.###.###
......#.# #.# #..#.....#.#......
.....##.# #.# #).#####.#.#.#.##.
.######.####.# #.>#...#.#......#.
.............# ####.#.#.###.#....
........###########.#.#.# #....#.
...........#....@e..#.#.# #..##..
##########.#.########.#.# #......
.# #)#............####..... .#
#.##########............ ##
#....# #............ .# ####.#
#.########### .# #.# ####.# .#
#.# #....# .# #.# #.####


You could see Duvessa (berserk, drained).

Vanquished Creatures
  Pikel (D:4)
  A steam dragon (D:5)
  A black bear (D:4)
  2 ogres
  A sky beast (D:5)
  4 lemures (D:4)
  2 phantoms (D:4)
  2 scorpions (D:5)
  Dowan (D:5)
  Ijyb (D:4)
  Jessica (D:2)
  3 iguanas
  2 orc wizards
  3 adders
  An ufetubus (D:4)
  A worm (D:5)
  A dart slug (D:4)
  13 orcs
  2 ball pythons (D:1)
  5 endoplasms
  4 giant cockroaches
  6 goblins
  8 hobgoblins
  3 kobolds
  2 quokkas
  8 bats
  5 frilled lizards
  3 rats (D:1)
87 creatures vanquished.

Vanquished Creatures (others)
  11 fulminant prisms
11 creatures vanquished.

Grand Total: 98 creatures vanquished

Notes
Turn   | Place    | Note
-------+----------+-------------------------------------------
     0 | D:1      | fragbeetle the Tengu Conjurer began the quest for the Orb.
     0 | D:1      | Reached XP level 1. HP: 10/10 MP: 4/4
   295 | D:1      | Reached XP level 2. HP: 13/15 MP: 3/6
   367 | D:1      | Reached skill level 6 in Conjurations
   692 | D:1      | Learned a level 2 spell: Searing Ray
   957 | D:2      | Found a faded altar of an unknown god.
  1019 | D:2      | Reached XP level 3. HP: 15/19 MP: 5/7
  1233 | D:2      | Noticed Jessica
  1236 | D:2      | Killed Jessica
  1237 | D:2      | Reached skill level 7 in Conjurations
  1507 | D:2      | Reached XP level 4. HP: 24/24 MP: 6/8
  2096 | D:2      | Found a runed translucent door.
  2097 | D:2      | Noticed Crazy Yiuf
  2421 | D:2      | Learned a level 4 spell: Fulminant Prism
  2863 | D:3      | Gained mutation: Your magical nature lets you fly swiftly
                  | and evasively. [Tengu growth]
  2863 | D:3      | Reached XP level 5. HP: 16/28 MP: 0/9
  3514 | D:4      | Reached skill level 8 in Conjurations
  3592 | D:4      | Noticed a lemure
  3592 | D:4      | Noticed a lemure
  3593 | D:4      | Noticed Pikel
  3636 | D:4      | Killed a lemure
  3709 | D:4      | Found an opulent altar of Gozag.
  3751 | D:4      | Noticed a phantom
  3758 | D:4      | Killed a phantom
  3759 | D:4      | Reached skill level 1 in Hexes
  3759 | D:4      | Reached XP level 6. HP: 32/32 MP: 3/11
  4047 | D:4      | Noticed a black bear
  4052 | D:4      | Killed a black bear
  4193 | D:4      | Reached skill level 9 in Conjurations
  4349 | D:4      | Found a staircase to the Ecumenical Temple.
  4358 | Temple   | Entered the Ecumenical Temple
  4611 | D:4      | Noticed Ijyb
  4621 | D:4      | Killed Ijyb
  4622 | D:4      | Reached XP level 7. HP: 22/36 MP: 8/12
  5297 | D:4      | Killed Pikel
  5298 | D:4      | Reached skill level 10 in Conjurations
  5298 | D:4      | Reached XP level 8. HP: 41/41 MP: 3/13
  5653 | D:5      | Entered Level 5 of the Dungeon
  5673 | D:5      | Reached skill level 11 in Conjurations
  6354 | D:4      | Reached skill level 12 in Conjurations
  6546 | Temple   | Became a worshipper of Vehumet
  6636 | D:5      | Noticed Duvessa
  6694 | D:5      | Learned a level 4 spell: Iskenderun's Mystic Blast
  6713 | D:5      | Noticed Dowan
  6719 | D:5      | Killed Dowan
  6868 | D:4      | HP: 1/41 [Duvessa/+0 short sword (3)]
  6870 | D:4      | Mangled by Duvessa

Illustrated notes

Levels and vault maps discovered:
D:1:      enne_arrival_octagon_isle, layout_rooms, serial_aquarium,
          aquarium_bridge_square [aquarium_subvault_bridge,
          aquarium_subvault_bridge, aquarium_subvault_window,
          aquarium_subvault_balcony], aquarium_bridge_square
          [aquarium_subvault_bridge, aquarium_subvault_wall,
          aquarium_subvault_wall, aquarium_subvault_bridge],
          aquarium_window_fake, aquarium_window_corner, aquarium_window_1,
          aquarium_window_corridor_1, aquarium_view_2d,
          aquarium_balcony_double_4, aquarium_pool_corner
D:2:      layout_loops_cross, shapermc_ecumenical_altar_ellora,
          serial_co_window_serial, co_window_corner_a, co_window_corner_a,
          co_window_corner_a, co_window_corner_a, co_window_paths_b,
          co_window_corner_a, co_window_paths_b, co_window_2corner,
          co_window_of_opportunity_c, co_window_of_opportunity_b,
          co_window_of_opportunity_b, co_window_unsneaky_path_d,
          co_window_corner_b, co_window_broadway_a, glass_columns_c,
          minmay_crystal_water, uniq_jessica, uniq_crazy_yiuf_cottage
D:3:      layout_basic, minmay_door_square, minmay_misc_feat_tiny
D:4:      layout_basic, kennysheep_little_box,
          minmay_temple_entry_drinking_statues, uniq_pikel, uniq_ijyb
D:5:      layout_rooms, nicolae_ru_great_annihilating_truth,
          nicolae_overflow_hidden_temple, gammafunk_temple_overflow_statue,
          hex_intersection, uniq_duvessa
Temple:   cyrus_temple_forest

Skill      XL: |  1  2  3  4  5  6  7  8 |
---------------+-------------------------+-----
Conjurations   | 6 7 8 9 10 12 | 12.7
Spellcasting   | 3 |  3.0
Hexes          | 1 2 3 4 |  4.0
Dodging        | |  2.1
Stealth        | |  2.0

Action                   |  1- 3 |  4- 6 |  7- 9 || total
-------------------------+-------+-------+-------++-------
Melee: Club              |     5 |       |       ||     5
       Falchion          |     9 |       |       ||     9
       Kick              |     5 |     7 |     2 ||    14
       Peck              |     2 |     2 |     1 ||     5
       Dagger            |       |    26 |     5 ||    31
 Cast: Magic Dart        |    39 |    29 |     2 ||    70
       Searing Ray       |     1 |    17 |    15 ||    33
       Fulminant Prism   |       |       |    11 ||    11
       Iskenderun's Myst |       |       |     3 ||     3
Evoke: Wand              |       |       |     1 ||     1
  Use: Scroll            |       |       |     6 ||     6
 Stab: Sleeping          |     1 |       |     1 ||     2
Armor: Leather armour    |     1 |     5 |     6 ||    12
Dodge: Dodged            |     9 |    22 |    12 ||    43

Table legend: (Time is in decaauts)
 A = Elapsed time spent in this place.
 B = Non-inter-level travel time spent in this place.
 C = Inter-level travel time spent in this place.
 D = Time resting spent in this place.
 E = Time spent auto-exploring this place.
 F = Levels seen in this place.
 G = Mean time per level.
                   A        B        C        D        E       F      G
               +--------+--------+--------+--------+--------+-----+--------+
         Total |   6694 |   6372 |    322 |   1278 |   4025 |   6 | 1115.7 |
       Dungeon |   6413 |   6142 |    271 |   1135 |   4010 |   5 | 1282.6 |
        Temple |    280 |    229 |     51 |    143 |     15 |   1 |  280.0 |
               +--------+--------+--------+--------+--------+-----+--------+

Top non-repeatable levels by time:
     D:4: 2649 daAuts
     D:2: 1584 daAuts
     D:3: 994 daAuts
     D:1: 916 daAuts
  Temple: 280 daAuts
     D:5: 268 daAuts
